 Dungeon Crawl Stone Soup version 0.17-a0-1900-g45e8110 (webtiles) character file.

438 derrpe the Shield-Bearer (level 7, -5/56 HPs)
             Began as a Formicid Fighter on Sept 24, 2015.
             Was an Initiate of Gozag.
             Splashed by a jelly's acid (10 damage)
             ... on level 6 of the Dungeon.
             The game lasted 00:08:43 (3488 turns).

derrpe the Shield-Bearer (Formicid Fighter)         Turns: 3488, Time: 00:08:44

Health: -5/56      AC: -2    Str: 21    XL:     7   Next: 22%
Magic:  7/7        EV:  5    Int:  9    God:    Gozag
Gold:   154        SH: 10    Dex: 10    Spells: 0 memorised, 6 levels left

rFire  . . .     SeeInvis +     a - +0 long sword
rCold  . . .     Clarity  .     x - +0 plate armour
rNeg   . . .     SustAt   .     c - +0 shield
rPois  .         Gourm    .     (helmet unavailable)
rElec  .         Spirit   .     (no cloak)
rCorr  .         Warding  .     n - +0 pair of gloves
rMut   .         Stasis   +     j - +0 pair of boots
MR     .....                    (no amulet)
Stlth  ..........               (no ring)
                                (no ring)

@: corroded equipment, not resistant to hostile enchantments, extremely
unstealthy
A: permanent stasis, dig shafts and tunnels, four strong arms, antennae 3
a: Dig, Shaft Self, Potion Petition, Call Merchant, Bribe Branch, Renounce
Religion


You were on level 6 of the Dungeon.
You worshipped Gozag.
Gozag was noncommittal.
You were very hungry.

You visited 1 branch of the dungeon, and saw 5 of its levels.

You collected 294 gold pieces.
You spent 140 gold pieces at shops.

Inventory:

Hand weapons
 a - a +0 long sword (weapon)
Missiles
 d - 7 steel tomahawks (quivered)
 f - 11 silver bolts
 k - 15 arrows
 q - 43 poisoned needles
 u - 28 stones
Armour
 c - a +0 shield (worn)
 j - a +0 pair of boots (worn)
 n - a +0 pair of gloves (worn)
 x - a +0 plate armour (worn)
Jewellery
 t - an uncursed amulet of stasis
Scrolls
 g - 2 scrolls of teleportation {unknown}
 i - a scroll of fear {unknown}
 l - 2 scrolls of remove curse {unknown}
 m - a scroll of random uselessness {unknown}
 p - 3 scrolls of immolation {unknown}
 r - a scroll of identify
 w - a scroll of fog {unknown}
Potions
 h - a potion of haste
 s - 2 potions of might
 v - 2 potions of poison
Comestibles
 b - 2 meat rations {@e2}
 e - 2 bread rations {@e1}
 o - 20 fruits


   Skills:
 + Level 5.0 Fighting
 * Level 5.3 Long Blades
 - Level 3.2 Armour
 + Level 5.5 Shields


You had 6 spell levels left.
You didn't know any spells.

Dungeon Overview and Level Annotations

Branches:
Dungeon (6/15)             Temple (0/1) D:6

Altars:
Fedhas
Gozag
Makhleb
Qazlal
Trog
Zin

Shops:
D:6 *


Innate Abilities, Weirdness & Mutations

You are under a permanent stasis effect.
You can dig through walls and to a lower floor.
Your four strong arms can wield two-handed weapons with a shield.
You have a pair of large antennae on your head (SInv).


Message History

The jelly is moderately wounded.
The jelly hits you.
You are splashed with acid!
The acid burns!
You hit the jelly but do no damage.
Your hands burn!
* * * LOW HITPOINT WARNING * * *
The jelly is moderately wounded.
The jelly jiggles.
The jelly completely misses you.
You are too injured to fight recklessly!
You hit the jelly.
Your hands burn!
* * * LOW HITPOINT WARNING * * *
The jelly is moderately wounded.
The jelly barely misses you.
You hit the jelly.
Your hands burn!
* * * LOW HITPOINT WARNING * * *
The jelly is moderately wounded.
The jelly hits you.
* * * LOW HITPOINT WARNING * * *
You are splashed with acid!
The acid corrodes you!
The acid burns!
You die...
Your body crumbles into a pile of gold.

$ ## .# .# .#
##J# #@.# #.##
#.# #.# #.#.#
#.#.# #.#.#
#.#.#
#.#.#######...


You could see a jelly.

Vanquished Creatures
  An ogre (D:6)
  A scorpion (D:4)
  A crimson imp (D:3)
  2 orc priests (D:6)
  A jelly (D:6)
  An orc wizard (D:6)
  A hound skeleton (D:4)
  7 adders
  An adder skeleton (D:4)
  4 worms
  4 giant geckos
  6 orcs
  3 giant cockroaches
  5 hobgoblins
  3 jackals (D:6)
  3 quokkas
  8 bats
  8 giant newts
  7 goblins
  5 kobolds (D:3)
  6 rats
78 creatures vanquished.

Vanquished Creatures (others)
  A goblin (D:3)
1 creature vanquished.

Grand Total: 79 creatures vanquished

Notes
Turn   | Place    | Note
--------------------------------------------------------------
     0 | D:1      | derrpe the Formicid Fighter began the quest for the Orb.
     0 | D:1      | Reached XP level 1. HP: 18/18 MP: 1/1
   294 | D:1      | Reached XP level 2. HP: 24/24 MP: 2/2
   691 | D:2      | Reached skill level 4 in Shields
   691 | D:2      | Reached XP level 3. HP: 21/29 MP: 3/3
  1153 | D:2      | Found a glowing silver altar of Zin.
  1153 | D:2      | Found a burning altar of Makhleb.
  1154 | D:2      | Noticed a blizzard demon
  1154 | D:2      | Noticed an angel
  1541 | D:3      | Reached XP level 4. HP: 37/37 MP: 4/4
  2260 | D:3      | Reached XP level 5. HP: 22/42 MP: 5/5
  2550 | D:3      | Found a faded altar to an unknown god.
  2572 | D:3      | Became a worshipper of Gozag Ym Sagoz the Greedy
  2862 | D:4      | Found an opulent altar of Gozag.
  3090 | D:4      | Reached skill level 5 in Shields
  3090 | D:4      | Reached XP level 6. HP: 49/49 MP: 6/6
  3129 | D:4      | You fall through a shaft for 2 floors!
  3209 | D:6      | Found Utakk's General Store.
  3220 | D:6      | Bought a scroll of identify for 28 gold pieces
  3220 | D:6      | Bought 2 potions of might for 112 gold pieces
  3273 | D:6      | Found a stormy altar of Qazlal.
  3280 | D:6      | Found a blossoming altar of Fedhas.
  3289 | D:6      | Reached skill level 5 in Long Blades
  3323 | D:6      | Found a staircase to the Ecumenical Temple.
  3329 | D:6      | Reached skill level 5 in Fighting
  3329 | D:6      | Reached XP level 7. HP: 30/56 MP: 7/7
  3439 | D:6      | Found a bloodstained altar of Trog.
  3488 | D:6      | Splashed by a jelly's acid

Vault maps used:
D:1:      mrwooster_arrival_statue_2, minmay_misc_feat_ornament
D:2:      grunt_temple_overflow_order_and_chaos_2, dk_vineyard_3
D:3:      ecumenical_altar_1, grunt_ministairs_9, minmay_bad_closet,
          minmay_misc_feat_plants
D:4:      lemuel_zombie_altar_yredelemnul, lemuel_round_altar, first_bread
D:6:      grunt_temple_overflow_forces_of_nature, lemuel_crystal_altar,
          temple_pool_a, serial_shops, nicolae_shop_waterfront,
          nicolae_lava_and_water, eino_curves_03

Action                   |  1- 3 |  4- 6 |  7- 9 || total
-------------------------+-------+-------+-------++-------
Melee: Long sword        |    92 |   259 |    11 ||   362
Throw: Tomahawk          |       |     1 |       ||     1
Invok: Potion Petition   |       |     1 |       ||     1
  Use: Potion            |       |     2 |       ||     2
  Eat: Chunk             |     2 |     4 |       ||     6
       Beef jerky        |       |     1 |       ||     1
